 Dungeon Crawl Stone Soup version 0.27-a0-860-gaf99fae3ca (webtiles) character file.

Game seed: 5666435349517863111

642 pokeman the Magician (level 7, -1/39 HPs)
             Began as a Deep Elf Hedge Wizard on Apr 1, 2021.
             Was a Follower of Vehumet.
             Shot with an arrow by a centaur (7 damage)
             ... on level 6 of the Dungeon.
             The game lasted 00:16:17 (6194 turns).

pokeman the Magician (Deep Elf Hedge Wizard)        Turns: 6194, Time: 00:16:18

Health: -1/39      AC:  9    Str:  7    XL:     7   Next: 26%
Magic:  0/20       EV: 12    Int: 21    God:    Vehumet [*.....]
Gold:   261        SH:  0    Dex: 18    Spells: 10/21 levels left

rFire    . . .     SeeInvis .   f - staff of conjuration
rCold    . . .     Faith    .   (no shield)
rNeg     . . .     Spirit   .   g - +0 leather armour
rPois    +         Reflect  .   A - +2 helmet of Fojeippu {*Contam +Blink rPois Dex+4}
rElec    .         Harm     .   q - +1 cloak {rCorr}
rCorr    +         Rampage  .   a - +0 pair of gloves
Will     .....                  (no boots)
Stlth    ++........             (no amulet)
HPRegen  0.13/turn              (no ring)
MPRegen  0.17/turn              (no ring)

@: very slightly contaminated
A: no striking features
a: Renounce Religion, Evoke Blink


You were on level 6 of the Dungeon.
You worshipped Vehumet.
Vehumet was aware of your devotion.
You visited 2 branches of the dungeon, and saw 7 of its levels.

You collected 261 gold pieces.

Inventory:

Hand Weapons
 d - a +0 hand crossbow
Missiles
 b - 66 arrows
 w - 18 bolts
Armour
 a - a +0 pair of gloves (worn)
 g - a +0 leather armour (worn)
 q - a +1 cloak of preservation (worn)
 A - the +2 helmet of Fojeippu (worn) {*Contam +Blink rPois Dex+4}
   (You found it on level 5 of the Dungeon)

   It affects your dexterity (+4).
   It protects you from poison.
   It lets you blink.
   It causes magical contamination when unequipped.
Magical Staves
 f - a staff of conjuration (weapon)
Jewellery
 l - a ring of ice
Wands
 n - a wand of iceblast (9)
Scrolls
 e - 2 scrolls of teleportation {unknown}
 h - 5 scrolls of identify {unknown}
 i - a scroll of torment {unknown}
 o - a scroll of immolation {unknown}
 t - a scroll of summoning {unknown}
 x - a scroll of enchant weapon {unknown}
 y - a scroll of enchant armour {unknown}
 z - a scroll of fear {unknown}
Potions
 c - 2 potions of degeneration {unknown}
 j - a potion of invisibility {unknown}
 k - 2 potions of berserk rage {unknown}
 m - a potion of magic {unknown}
 p - a potion of mutation {unknown}
 r - a potion of flight {unknown}
 s - a potion of resistance
 u - 2 potions of cancellation {unknown}
 v - 2 potions of heal wounds {unknown}


   Skills:
 + Level 1.9 Fighting
 - Level 1.0 Armour
 - Level 3.0 Dodging
 - Level 3.0 Stealth
 * Level 7.9 Spellcasting
 + Level 3.9 Conjurations
 - Level 1.1 Summonings
 - Level 1.1 Translocations
 + Level 2.3 Fire Magic
 - Level 1.0 Air Magic
 - Level 1.0 Poison Magic
 - Level 1.0 Evocations


You had 10 spell levels left.
You knew the following spells:

 Your Spells              Type           Power      Damage    Failure   Level
a - Magic Dart            Conj           100%       1d8       2%          1
b - Mephitic Cloud        Conj/Pois/Air  25%        N/A       16%         3
c - Call Imp              Summ           12%        N/A       11%         2
d - Blink                 Tloc           N/A        N/A       11%         2
e - Conjure Flame         Conj/Fire      32%        6-21      10%         3

Your spell library contained the following spells:

 Spells                   Type           Power      Damage    Failure   Level
 Sandblast                Erth           16%        2d6       12%         1
 Slow                     Hex            8%         N/A       19%         2


Dungeon Overview and Level Annotations

Branches:
Dungeon (6/15)             Temple (1/1) D:4

Altars:
Ashenzari
Cheibriados
Fedhas
Gozag
Hepliaklqana
Makhleb
Qazlal
Ru
Sif Muna
Trog
Uskayaw
Vehumet
Wu Jian
Zin

Shops:
D:4 [

Annotations:
D:6 Dowan, Duvessa


Message History

Found a club.
The centaur shoots an arrow.
The arrow hits you!
* * * LOW HITPOINT WARNING * * *
Casting: Mephitic Cloud (quite dangerous; 16% risk of failure)
Confirm with . or Enter, or press ? or * to list all spells.
A beastly little devil appears in a puff of flame.
The water moccasin zombie closely misses you.
The kobold brigand mumbles something.
The gnoll barely misses the kobold brigand.
Unknown command.
Casting: Call Imp (safe; 11% risk of failure)
Confirm with . or Enter, or press ? or * to list all spells.
You miscast Call Imp.
You are very lightly contaminated with residual magic.
Nothing appears to happen.
Your crimson imp hits the gnoll.
Unknown command.
Okay, then.
Unknown command.
The centaur shoots an arrow.
The arrow closely misses you.
The gnoll barely misses the centaur.
Your crimson imp barely misses the gnoll.
Aiming: Iceblast
Press: ? - help, Shift-Dir - straight line, f/p - gnoll
Aim: a gnoll, wielding a +0 halberd (severely wounded, confused) Really fire at your crimson imp?
The mass of ice explodes!
The iceblast engulfs the centaur!
The centaur is severely wounded.
The iceblast engulfs your crimson imp!
Your crimson imp is frozen!
You kill your crimson imp!
The iceblast engulfs the gnoll!
You kill the gnoll!
Vehumet accepts your kill.
The iceblast engulfs the water moccasin zombie!
The water moccasin zombie partially resists.
The water moccasin zombie is moderately damaged.
The centaur shoots an arrow.
The arrow hits you.
* * * LOW HITPOINT WARNING * * *
The centaur shoots an arrow.
The arrow hits you!
You die...

... .. ......# ##.
...##..#####..
#...#.........
#######...#.#.)....##
....#.......#.......#...
....h......##...........
......Z.....##.#@#
<)e............#.#
....>.......# ##c####
.....§......# #.)Z..#
e..........(###.....#
........)....[#.<.K.#
....#.....###.#..)$.#
#########†# #...)...#
#)# ###.........


You could see a kobold brigand (confused), a centaur and a water moccasin
zombie.

Vanquished Creatures
  An orc warrior (D:4)
  An ogre (D:6)
  A scorpion (D:4)
  A wight (D:5)
  An orc priest (D:6)
  Crazy Yiuf (D:3)
  An iguana (D:6)
  Ijyb (D:3)
  A scorpion zombie (D:5)
  An orc wizard (D:6)
  8 gnolls
  7 adders
  A white imp (D:3)
  An ufetubus (D:4)
  An adder skeleton (D:4)
  A worm (D:3)
  3 dart slugs
  5 orcs
  8 ball pythons
  3 endoplasms
  3 giant cockroaches
  8 goblins
  8 hobgoblins
  9 jackals
  8 kobolds
  8 quokkas
  8 bats
  6 frilled lizards
  9 rats
115 creatures vanquished.

Vanquished Creatures (collateral kills)
  A dart slug (D:4)
1 creature vanquished.

Grand Total: 116 creatures vanquished

Notes
Turn   | Place    | Note
-------+----------+-------------------------------------------
     0 | D:1      | pokeman the Deep Elf Hedge Wizard began the quest for the
                  | Orb.
     0 | D:1      | Reached XP level 1. HP: 10/10 MP: 7/7
   156 | D:1      | Reached XP level 2. HP: 15/15 MP: 3/9
   368 | D:1      | Found a broken altar of Ashenzari.
   593 | D:1      | Reached skill level 5 in Spellcasting
   707 | D:1      | Reached XP level 3. HP: 9/20 MP: 3/11
   714 | D:1      | Learned a level 3 spell: Mephitic Cloud
   717 | D:1      | Learned a level 2 spell: Call Imp
   720 | D:1      | Learned a level 2 spell: Blink
   724 | D:1      | Learned a level 3 spell: Conjure Flame
  1427 | D:2      | Reached skill level 1 in Armour
  1626 | D:2      | Reached skill level 1 in Fighting
  1971 | D:3      | Found a hide-covered altar of Uskayaw.
  1979 | D:3      | Reached XP level 4. HP: 25/25 MP: 4/13
  2462 | D:3      | Noticed Ijyb
  2598 | D:3      | Killed Ijyb
  2599 | D:3      | Reached skill level 1 in Fire Magic
  2750 | D:3      | Found a snail-covered altar of Cheibriados.
  2764 | D:3      | Found a burning altar of Makhleb.
  2857 | D:3      | Found an ornate altar of the Wu Jian Council.
  2876 | D:3      | Reached skill level 6 in Spellcasting
  2876 | D:3      | Reached XP level 5. HP: 29/29 MP: 10/15
  2958 | D:3      | Found a hazy altar of Hepliaklqana.
  3018 | D:3      | Found a runed translucent door.
  3019 | D:3      | Noticed Crazy Yiuf
  3035 | D:3      | Killed Crazy Yiuf
  3283 | D:4      | Found Veim's Armour Boutique.
  3287 | D:4      | Noticed an orc warrior
  3643 | D:4      | Upgraded the game from 0.27-a0-836-gfc908b8576 to
                  | 0.27-a0-860-gaf99fae3ca
  3841 | D:4      | Found a staircase to the Ecumenical Temple.
  3871 | Temple   | Entered the Ecumenical Temple
  3931 | Temple   | Became a worshipper of Vehumet
  4154 | D:4      | Reached skill level 1 in Evocations
  4365 | D:4      | Reached skill level 1 in Air Magic
  4682 | D:4      | Found a blossoming altar of Fedhas.
  4705 | D:4      | Reached XP level 6. HP: 34/34 MP: 7/17
  4793 | D:4      | Reached skill level 1 in Poison Magic
  4856 | D:4      | Reached skill level 7 in Spellcasting
  5170 | D:4      | Killed an orc warrior
  5318 | D:5      | Entered Level 5 of the Dungeon
  5347 | D:5      | Identified the +2 helmet of Fojeippu {*Contam +Blink rPois
                  | Dex+4}
  5370 | D:5      | Found a stormy altar of Qazlal.
  5786 | D:5      | Reached * piety under Vehumet
  5786 | D:5      | Offered knowledge of Sandblast by Vehumet.
  5905 | D:6      | Reached XP level 7. HP: 38/38 MP: 12/20
  5926 | D:6      | Noticed Dowan
  5927 | D:6      | Noticed Duvessa
  6194 | D:6      | Shot with an arrow by a centaur

Illustrated notes

Levels and vault maps discovered:
D:1:      minmay_arrival_loop, layout_rooms, ashenzari_altar_1
D:2:      layout_basic
D:3:      layout_rooms, lemuel_coloured_pillars_altar,
          eat_drink_and_be_merry_uskayaw, lemuel_crystal_altar,
          lemuel_round_altar, nrook_campfire, kennysheep_slug_shrine, uniq_ijyb,
          uniq_crazy_yiuf_cottage
D:4:      layout_gridville, lemuel_doored_altar, minmay_temple_entry_mini_moons,
          serial_shops, shop_fountains
D:5:      layout_basic, kennysheep_mini, serial_bayou_pond_e
D:6:      layout_rooms, nicolae_overflow_hidden_temple,
          grunt_dithmenos_smoke_and_mirrors, nicolae_alphabet_shops,
          minmay_checkerbox, uniq_duvessa
Temple:   dpeg_three_leaves_temple

Skill      XL: |  1  2  3  4  5  6  7 |
---------------+----------------------+-----
Spellcasting   | 5 6 7 |  7.9
Armour         | 1 |  1.0
Fighting       | 1 |  1.9
Conjurations   | 2 3 |  3.9
Fire Magic     | 1 2 |  2.3
Dodging        | 3 |  3.0
Evocations     | 1 |  1.0
Air Magic      | 1 |  1.0
Stealth        | 3 |  3.0
Poison Magic   | 1 |  1.0
Summonings     | |  1.1
Translocations | |  1.1

Action                   |  1- 3 |  4- 6 |  7- 9 || total
-------------------------+-------+-------+-------++-------
Melee: Staff             |    13 |    33 |    18 ||    64
       Dagger            |     9 |       |       ||     9
 Cast: Magic Dart        |   107 |   128 |    19 ||   254
       Conjure Flame     |       |     9 |     2 ||    11
       Mephitic Cloud    |       |    13 |     7 ||    20
       Blink             |       |     4 |     2 ||     6
       Call Imp          |       |     2 |     2 ||     4
Evoke: Wand              |       |       |     1 ||     1
 Stab: Confused          |       |     6 |     1 ||     7
Armor: Leather armour    |    13 |    20 |     7 ||    40
       Robe              |     2 |       |       ||     2
Dodge: Dodged            |    33 |    44 |    26 ||   103

Table legend: (Time is in decaauts)
 A = Elapsed time spent in this place.
 B = Non-inter-level travel time spent in this place.
 C = Inter-level travel time spent in this place.
 D = Time resting spent in this place.
 E = Time spent auto-exploring this place.
 F = Levels seen in this place.
 G = Mean time per level.
                   A        B        C        D        E       F      G
               +--------+--------+--------+--------+--------+-----+--------+
         Total |   6213 |   5811 |    402 |    899 |   3917 |   7 |  887.6 |
       Dungeon |   6142 |   5749 |    393 |    899 |   3866 |   6 | 1023.7 |
        Temple |     70 |     61 |      9 |      0 |     51 |   1 |   70.0 |
               +--------+--------+--------+--------+--------+-----+--------+

Top non-repeatable levels by time:
     D:3: 1657 daAuts
     D:4: 1626 daAuts
     D:1: 1032 daAuts
     D:2: 940 daAuts
     D:5: 778 daAuts
     D:6: 107 daAuts
  Temple: 70 daAuts
